 Dungeon Crawl Stone Soup version 0.31-a0-521-gc7390f8997 (webtiles) character file.

Game seed: 510115439159315343

73 MisterAzrael the Conjurer (level 4, -1/24 HPs)
             Began as a Deep Elf Conjurer on Aug 10, 2023.
             Slain by a goblin
             ... wielding a +0 dagger
             ... led by Robin
              (2 damage)
             ... on level 2 of the Dungeon.
             The game lasted 00:02:29 (1300 turns).

MisterAzrael the Conjurer (Deep Elf Conjurer)       Turns: 1300, Time: 00:02:30

Health: -1/24      AC:  4    Str:  6    XL:     4   Next: 8%
Magic:  2/11       EV: 12    Int: 23    God:
Gold:   67         SH:  0    Dex: 13    Spells: 6/10 levels left

rFire   . . .        e - +4 dagger
rCold   . . .        (no shield)
rNeg    . . .        a - +0 robe
rPois   .            g - +1 helmet
rElec   .            (no cloak)
rCorr   .            (no gloves)
SInv    .            (no boots)
Will    .....        (no amulet)
Stlth   ++           (no ring)
HPRegen 0.24/turn    (no ring)
MPRegen 0.12/turn

%: no passive effects
@: studying Necromancy
A: no striking features
a: no special abilities


You were on level 2 of the Dungeon.
You visited 1 branch of the dungeon, and saw 2 of its levels.

You collected 67 gold pieces.

Inventory:

Hand Weapons
 e - a +4 dagger (weapon)
Armour
 a - a +0 robe (worn)
 g - a +1 helmet (worn)
Potions
 c - a potion of enlightenment
 f - a potion of attraction {unknown}
 h - a potion of might {unknown}


   Skills:
 + Level 0.9 Short Blades
 - Level 2.9 Dodging
 - Level 3.0 Stealth
 + Level 3.8 Spellcasting
 + Level 4.8 Conjurations
 * Level 2.9 Necromancy


You had 6 spell levels left.
You knew the following spells:

 Your Spells              Type           Power      Damage    Failure   Level
a - Magic Dart            Conj           100%       1d8       1%          1
b - Necrotise             Necr           68%        1d7       3%          1
c - Searing Ray           Conj           52%        2d6       2%          2

Your spell library contained the following spells:

 Spells                   Type           Power      Damage    Failure   Level
 Apportation              Tloc           8%         N/A       11%         1
 Summon Small Mammal      Summ           16%        N/A       11%         1
 Dazzling Flash           Conj/Hex       30%        N/A       12%         3
 Fulminant Prism          Conj/Hex       7%         3d7       36%         4
 Iskenderun's Mystic Bla  Conj/Tloc      15%        2d5       36%         4


Dungeon Overview and Level Annotations

Branches:
Dungeon (2/15)

Altars:


Message History

The goblin closely misses you.
The searing ray hits the hobgoblin.
The hobgoblin is almost dead.
The searing ray hits Robin but does no damage.
Robin is lightly wounded.
The goblin hits you but does no damage. The hobgoblin hits you.
The goblin hits you with a +0 dagger.
* * * LOW HITPOINT WARNING * * *
The searing ray hits the hobgoblin.
You kill the hobgoblin!
The searing ray hits Robin.
Robin is heavily wounded.
The goblin hits you with a +0 dagger.
* * * LOW HITPOINT WARNING * * *
The goblin barely misses you.
Casting: Searing Ray (safe; 2% risk of failure)
Confirm with . or Enter, or press ? or * to list all spells.
Restarting spell: Searing Ray (safe; 2% risk of failure)
Press: ? - help, Shift-Dir - straight line, f - hobgoblin, p - Robin
Aim: a hobgoblin (strong, 79% to hit)
The searing ray hits the goblin.
You kill the goblin!
The searing ray hits the hobgoblin.
The hobgoblin is heavily wounded. (Press . to maintain the ray.)
The goblin hits you but does no damage. x2
The searing ray hits the hobgoblin!
You kill the hobgoblin!
The searing ray hits Robin.
Robin is almost dead.
The goblin hits you but does no damage. The goblin closely misses you.
The searing ray hits Robin.
You kill Robin!
The goblin hits you with a +0 dagger.
* * * LOW HITPOINT WARNING * * *
The goblin misses you.
You have reached level 4!
You feel clever. The goblin attacks as you move away!
The goblin hits you with a +0 dagger.
You die...

#...................###.##....
#......§○§○○§§§§§○○○#.........
#.......§☼§§☼§§○§☼§§#.#.##...#
#........☼☼§§○☼☼§§§§#..(.....#
##########§○§§○☼§○§§+.........
#§○☼○☼§§☼§§###.......
#☼○§☼☼§§○§§#####.#..#
#☼§§gg§☼☼☼§☼........#
####@######.####.#.## #)# #.#
#.#.# .)☼ #.# #.#.# §§)☼§ #.#
#.#.# #○§§§☼§ #.# #.# #§○§○§§☼
#.# #.# #§§§§☼§§§#.# .#
#☼§○☼§☼§§§


You could see 2 goblins.

Vanquished Creatures
  Robin (D:2)
  2 adders (D:2)
  3 ball pythons (D:1)
  3 endoplasms
  2 giant cockroaches
  12 goblins
  7 hobgoblins
  3 quokkas
  A bat (D:1)
  2 frilled lizards
  A kobold (D:1)
  A rat (D:1)
38 creatures vanquished.

Notes
Turn   | Place    | Note
-------+----------+-------------------------------------------
     0 | D:1      | MisterAzrael the Deep Elf Conjurer began the quest for the
                  | Orb.
     0 | D:1      | Reached XP level 1. HP: 10/10 MP: 6/6
   189 | D:1      | Reached XP level 2. HP: 15/15 MP: 0/8
   402 | D:1      | Found a faded altar of an unknown god.
   402 | D:1      | Noticed a red devil
   699 | D:1      | Learned a level 1 spell: Necrotise
  1006 | D:2      | Reached skill level 1 in Necromancy
  1006 | D:2      | Reached XP level 3. HP: 19/19 MP: 5/10
  1177 | D:2      | Learned a level 2 spell: Searing Ray
  1281 | D:2      | Noticed Robin
  1299 | D:2      | Killed Robin
  1300 | D:2      | Reached XP level 4. HP: 1/24 MP: 2/11
  1300 | D:2      | Slain by a goblin

Illustrated notes

Levels and vault maps discovered:
D:1:      amcnicky_arrival_double_pillar, layout_basic,
          dreamdust_ecumenical_altar_sealed_demon, amethyst_killhole
D:2:      layout_basic, minmay_misc_feat_five, uniq_crazy_yiuf_cottage,
          uniq_robin, uniq_sigmund

Skill      XL: |  1  2  3 |
---------------+----------+-----
Stealth        | 3 |  3.0
Necromancy     | 1 2 |  2.9
Short Blades   | |  0.9
Dodging        | |  2.9
Spellcasting   | |  3.8
Conjurations   | |  4.8

Action                     |  1- 3 |  4- 6 || total
---------------------------+-------+-------++-------
  Melee: Unarmed           |     2 |       ||     2
   Cast: Magic Dart        |    45 |       ||    45
         Searing Ray       |     4 |       ||     4
    Use: Potion            |     3 |       ||     3
         Scroll            |     2 |       ||     2
 Armour: Robe              |    12 |       ||    12
  Dodge: Dodged            |    18 |       ||    18

Table legend: (Time is in decaauts)
 A = Elapsed time spent in this place.
 B = Non-inter-level travel time spent in this place.
 C = Inter-level travel time spent in this place.
 D = Time resting spent in this place.
 E = Time spent auto-exploring this place.
 F = Levels seen in this place.
 G = Mean time per level.
                   A        B        C        D        E       F      G
               +--------+--------+--------+--------+--------+-----+--------+
         Total |   1299 |   1231 |     68 |     40 |   1039 |   2 |  649.5 |
       Dungeon |   1299 |   1231 |     68 |     40 |   1039 |   2 |  649.5 |
               +--------+--------+--------+--------+--------+-----+--------+

Top non-repeatable levels by time:
     D:1: 845 daAuts
     D:2: 454 daAuts
